 Dungeon Crawl Stone Soup version 0.31.0-9-g3a7656b989 (webtiles) character file.

Game seed: 9879977715313702244

17 ChrisAssaf the Changeling (level 2, -1/13 HPs)
             Began as a Human Shapeshifter on Jan 25, 2024.
             Slain by a hobgoblin (5 damage)
             ... on level 1 of the Dungeon.
             The game lasted 00:03:32 (1073 turns).

ChrisAssaf the Changeling (Human Shapeshifter)      Turns: 1073, Time: 00:03:33

Health: -1/13      AC:  0    Str: 14    XL:     2   Next: 62%
Magic:  2/2        EV: 16    Int: 10    God:
Gold:   76         SH:  0    Dex: 12    Spells: 1/1 levels left

rFire   . .          .
                       - Unarmed
rCold   . . .        (shield currently unavailable)
rNeg    . . .        a - melded +0 animal skin
rPois   .            (no helmet)
rElec   .            (no cloak)
rCorr   .            (no gloves)
SInv    .            (no boots)
Will    .....        (no amulet)
Stlth   +            (no ring)
HPRegen 0.22/turn    (no ring)
MPRegen 0.08/turn

%: no passive effects
@: mighty, flux-form, glowing
A: glow, contaminating, reduced hp, explore regen
a: Begin Untransformation


You were on level 1 of the Dungeon.
You were something dangerously unstable.
You visited 1 branch of the dungeon, and saw 2 of its levels.

You collected 76 gold pieces.

Inventory:

Armour
 a - a +0 animal skin (melded)
Talismans
 c - a beast talisman
 d - a flux talisman (active)
Scrolls
 i - 2 scrolls of noise
Potions
 b - 2 potions of lignification
 e - a potion of attraction {unknown}
 g - a potion of degeneration {unknown}
 h - a potion of invisibility {unknown}


   Skills:
 * Level 1.0 Fighting
 * Level 0.2 Armour
 * Level 2.1 Dodging
 * Level 0.8 Stealth
 * Level 3.2 Unarmed Combat
 * Level 3.2 Shapeshifting


You had one spell level left.
You didn't know any spells.
Your spell library contained the following spells:

 Spells                   Type           Power      Damage    Failure   Level
 Fugue of the Fallen      Necr           0%         N/A       75%         3
 Ozocubu's Armour         Ice            0%         N/A       75%         3
 Volatile Blastmotes      Fire/Tloc      0%         2d10      75%         3
 Fulminant Prism          Conj/Alch      0%         3d5       98%         4
 Iskenderun's Mystic Bla  Conj/Tloc      0%         2d3       98%         4
 Manifold Assault         Tloc           0%         N/A       98%         4


Dungeon Overview and Level Annotations

Branches:
Dungeon (2/15)

Altars:
Xom


Innate Abilities, Weirdness & Mutations

You are something dangerously unstable.
You glow with magical radiation, making you easy to see and hit.
Foes you strike become dangerously contaminated with magical radiation.
Your maximum health is decreased, since you lack skill for your form.
You are incapable of wielding weapons or throwing items.
You regain HP and MP as you explore.


Message History

You hit the ball python.
The ball python begins to glow.
The ball python is severely wounded.
The ball python closely misses you. x2
You hit the ball python but do no damage.
The ball python glows dangerously bright.
The ball python is severely wounded.
The ball python bites you. The ball python completely misses you.
You barely miss the ball python.
The ball python is severely wounded.
The ball python closely misses you. x2
You hit the ball python.
You kill the ball python!
You see here a ball python corpse.
HP restored.
A hobgoblin comes into view.
The hobgoblin shouts!
A frilled lizard comes into view.
A goblin comes into view. It is wielding a +0 dagger.
The goblin shouts!
The hobgoblin barely misses you.
A bat comes into view.
The hobgoblin attacks as it pursues you!
The hobgoblin misses you.
The hobgoblin attacks as it pursues you!
The hobgoblin misses you.
The hobgoblin attacks as it pursues you!
The hobgoblin hits you.
The hobgoblin attacks as it pursues you!
The hobgoblin hits you.
The hobgoblin attacks as it pursues you!
The hobgoblin hits you.
* * * LOW HITPOINT WARNING * * *
It was a potion of might.
You feel very mighty all of a sudden. The hobgoblin barely misses you.
You barely miss the hobgoblin. The hobgoblin misses you.
You hit the hobgoblin.
The hobgoblin begins to glow.
The hobgoblin is severely wounded.
The hobgoblin hits you.
You die...

.....# .....#
#.##.# #.##.#
.....#
#.##.#######
#.##......†#######
#.##.##..........#
#.##.##.#####p# #
#.##.##.# #g# .
#.##.##.# ##g#####
# #.##.##.#
#.l....# #
#.##.##.# #..###.#
. #.##.##.# #..# #
#.##.# #..#
♣♣♣♣###.##.#
#.........
....)......#
#...##.###


You could see a hobgoblin (contam), a goblin and a frilled lizard.

Vanquished Creatures
  5 bats
  An endoplasm (D:1)
  2 goblins
  2 hobgoblins
  3 ball pythons
  3 frilled lizards
  A rat (D:2)
17 creatures vanquished.

Notes
Turn   | Place    | Note
-------+----------+-------------------------------------------
     0 | D:1      | ChrisAssaf the Human Shapeshifter began the quest for the
                  | Orb.
     0 | D:1      | Reached XP level 1. HP: 15/15 MP: 1/1
   160 | D:1      | Reached XP level 2. HP: 8/21 MP: 2/2
   500 | D:2      | Found a shimmering altar of Xom.
  1073 | D:1      | Slain by a hobgoblin

Illustrated notes

Levels and vault maps discovered:
D:1:      psy_arrival_fountain, layout_loops_ring, minivault_24
D:2:      layout_basic, basic_altar

Action                     || total
---------------------------++-------
  Melee: Unarmed           ||    84
    Use: Scroll            ||     3
         Potion            ||     1
 Armour: Skin              ||    32
  Dodge: Dodged            ||   101
   Form: Flux              ||     1
